Map: [ESL] Gresvan

Players

Spirit - Winner!

  • Race: Terran Terran
  • Spawn Location: 11:00

Gerald

  • Race: Protoss Protoss
  • Spawn Location: 5:00

Event: ESL SC2 Masters 2023 Summer (Regionals)

VOD

Have the link to the VOD?

Description

Time

  • Played on: May 12, 2023, 11:43 a.m.
  • Length: 12:45

All games in this series

Show
View Real Time Build Order
Export as new Build Order

Spirit Terran - Winner!

Build Orders:  

Get SALT Encoding   

  12  0:00  SCV  
  13  0:12  SCV  
  14  0:17  Supply Depot  
  14  0:24  SCV  
  15  0:39  SCV  
  15  0:40  Barracks  
  16  0:51  SCV  
  16  0:54  Refinery  
  17  1:03  SCV  
  18  1:06  Engineering Bay  
  18  1:15  SCV  
  19  1:27  Marine  
  19  1:28  Orbital Command  
  20  1:45  Command Center  
  20  1:49  Barracks Reactor  
  20  1:53  SCV  
  21  2:00  Supply Depot  
  21  2:05  SCV  
  22  2:13  Factory  
  22  2:17  SCV  
  22  2:19  Refinery  
  23  2:25  Marine x2  
  23  2:29  SCV  
  26  2:43  SCV, Marine x2  
  29  2:57  Starport  
  29  3:04  SCV  
  30  3:06  Hellion  
  30  3:07  Hellion  
  30  3:08  Orbital Command  
  34  3:16  SCV  
  34  3:27  Widow Mine, Supply Depot  
  34  3:28  Widow Mine, SCV  
  39  3:34  SCV  
  39  3:35  Medivac  
  39  3:40  Armory  
  42  3:47  SCV  
  42  3:50  Widow Mine x2, SCV  
  45  3:59  SCV  
  45  4:00  Supply Depot  
  45  4:02  SCV  
  45  4:07  Bunker  
  45  4:09  Medivac  
  47  4:11  SCV  
  47  4:13  Widow Mine  
  47  4:14  SCV  
  47  4:16  Widow Mine  
  51  4:20  Marine  
  51  4:23  SCV, Supply Depot  
  53  4:26  SCV  
  54  4:34  Widow Mine  
  54  4:35  SCV  
  54  4:38  Widow Mine  
  59  4:39  SCV  
  59  4:43  Viking, Barracks Tech Lab  
  62  4:47  SCV, Supply Depot  
  62  4:51  SCV  
  63  5:01  Widow Mine x2  
  66  5:09  Command Center  
  66  5:12  SCV  
  63  5:15  Barracks, SCV  
  63  5:16  Barracks  
  64  5:24  SCV  
  64  5:27  SCV, Medivac  
  70  5:33  Engineering Bay, Refinery  
  70  5:34  Engineering Bay  
  68  5:36  SCV  
  68  5:39  SCV  
  68  5:42  Refinery, Supply Depot  
  64  5:48  SCV  
  61  5:51  SCV  
  61  5:52  Barracks  
  61  5:54  Barracks  
  61  5:55  Marine x2, Cyclone  
  67  6:02  Terran Infantry Weapons Level 1, Terran Infantry Armor Level 1  
  67  6:03  SCV  
  68  6:05  Barracks Tech Lab  
  68  6:11  Barracks Tech Lab  
  68  6:13  SCV  
  68  6:14  Supply Depot  
  68  6:16  Missile Turret x2  
  68  6:18  SCV  
  70  6:22  Orbital Command  
  70  6:25  Stimpack  
  70  6:30  Combat Shield  
  70  6:31  Marauder  
  70  6:32  Marine  
  73  6:35  SCV  
  73  6:36  Marine, Starport Reactor  
  75  6:43  Barracks Reactor, Barracks Tech Lab  
  75  6:44  SCV  
  76  6:47  Missile Turret  
  76  6:48  Orbital Command  
  76  6:50  Marine, Marauder  
  76  6:53  SCV, Marauder  
  76  6:54  Marine  
  82  6:57  Siege Tank  
  82  6:58  SCV  
  87  7:03  Concussive Shells  
  87  7:04  Marine  
  87  7:07  SCV  
  87  7:08  Supply Depot  
  87  7:09  Marine  
  87  7:10  SCV  
  87  7:12  Marauder  
  87  7:13  Supply Depot  
  87  7:14  Marauder, SCV  
  94  7:17  Medivac  
  94  7:18  Marine  
  94  7:20  Marine x2  
  94  7:22  SCV, Marauder  
  102  7:25  Medivac  
  102  7:26  Refinery  
  102  7:28  Marine  
  102  7:29  SCV  
  106  7:30  SCV  
  106  7:31  Refinery  
  106  7:33  Marauder  
  106  7:34  SCV  
  106  7:37  Ghost Academy  
  110  7:39  Marauder  
  110  7:41  SCV  
  110  7:42  SCV  
  110  7:44  Marauder  
  116  7:46  Marine  
  116  7:51  Marine, SCV  
  117  7:53  Marine x2  
  117  7:55  Marauder  
  117  7:57  Medivac  
  124  8:04  Marine  
  125  8:06  Marauder  
  125  8:07  Marauder  
  125  8:13  Marine, Supply Depot  
  125  8:14  Medivac  
  125  8:15  Terran Infantry Weapons Level 2, Supply Depot  
  125  8:16  Marauder  
  125  8:17  SCV x2  
  125  8:18  SCV  
  131  8:22  Command Center  
  131  8:26  Terran Infantry Armor Level 2  
  129  8:27  Marine  
  129  8:28  Marauder  
  129  8:30  Marine  
  133  8:34  Marine x2, Terran Ship Weapons Level 1  
  133  8:35  SCV x2  
  133  8:40  SCV, Supply Depot  
  141  8:41  Supply Depot  
  136  8:56  Ghost x3  
  136  8:57  Marine x4  
  146  9:04  SCV  
  146  9:06  SCV  
  145  9:10  SCV  
  145  9:15  Marine x4  
  144  9:22  Medivac x2  
  148  9:25  Marine x3  
  148  9:33  Marine x4  
  144  9:43  Marine x3  
  145  9:48  SCV  
  145  9:51  Marine x4  
  145  9:52  Medivac x2  
  142  10:01  Marine x2, Marauder  
  137  10:08  Marine  
  137  10:09  Marine x3  
  137  10:18  Planetary Fortress  
  137  10:19  Marine x2  
  129  10:22  Marine  
  129  10:24  Viking x2  
  129  10:25  Barracks, Siege Tank  
  129  10:26  Barracks, Marine x2  
  129  10:27  Marine x2, Starport  
  141  10:28  Barracks  
  141  10:29  SCV x3  
  141  10:32  Refinery  
  141  10:33  Refinery  
  144  10:36  Ghost x2  
  144  10:40  Command Center, Ghost  
  144  10:41  SCV x2, Sensor Tower  
  153  10:44  Marine x3  
  153  10:46  Missile Turret  
  153  10:47  Marine  
  156  11:02  Marine x2, Supply Depot  
  156  11:03  Supply Depot  
  158  11:05  Starport Reactor  
  158  11:06  Marauder x2  
  158  11:09  Marauder  
  161  11:13  Viking x2  
  165  11:20  Barracks Tech Lab  
  165  11:21  Barracks Tech Lab x2  
  165  11:26  Fusion Core  
  165  11:27  Marauder x2  
  165  11:29  Marine  
  165  11:30  Marauder  
  172  11:34  Marine  
  172  11:37  Marine  
  174  11:42  Viking, Missile Turret  
  178  11:47  Marine  
  178  11:48  Marauder x4  
  178  11:50  Marine  
  178  11:51  Marauder  
  178  11:52  Marauder  
  178  11:53  Marine  
  193  11:55  Marine, Sensor Tower  
  193  11:56  Viking  
  193  11:59  Planetary Fortress  
  194  12:02  Refinery x2  
  194  12:05  Marine  
  194  12:08  Marine  
  193  12:09  Marauder x2  
  193  12:10  Marauder  
  199  12:27  Marine  
Show
View Real Time Build Order
Export as new Build Order

Gerald Protoss 

Build Orders: Phoenix Opening, Colossus Rush 

Get SALT Encoding   

  12  0:00  Probe  
  13  0:12  Probe  
  14  0:17  Pylon  
  14  0:24  Probe (Chrono Boost)  
  16  0:36  Probe (Chrono Boost)  
  16  0:37  Gateway  
  16  0:43  Probe (Chrono Boost)  
  16  0:46  Assimilator  
  17  0:51  Probe  
  18  1:03  Probe  
  19  1:15  Probe  
  20  1:27  Probe  
  20  1:28  Cybernetics Core  
  21  1:39  Probe  
  22  1:47  Nexus  
  22  1:53  Pylon  
  22  1:57  Assimilator  
  23  2:01  Probe  
  23  2:08  Adept (Chrono Boost)  
  23  2:13  Probe  
  26  2:25  Probe  
  26  2:28  Stargate  
  26  2:29  Adept (Chrono Boost)  
  29  2:37  Probe  
  30  2:49  Probe  
  30  2:54  Warp Gate  
  30  2:58  Adept  
  30  3:02  Probe  
  30  3:03  Probe  
  34  3:06  Shield Battery  
  34  3:12  Phoenix (Chrono Boost)  
  34  3:14  Probe  
  34  3:18  Probe  
  38  3:25  Assimilator  
  38  3:26  Probe  
  39  3:28  Phoenix  
  39  3:30  Probe  
  42  3:38  Probe  
  43  3:42  Probe  
  43  3:45  Robotics Facility  
  42  3:50  Probe  
  43  3:58  Probe  
  44  4:03  Probe  
  45  4:10  Probe  
  45  4:11  Gateway  
  45  4:16  Pylon  
  46  4:22  Assimilator  
  46  4:31  Nexus  
  46  4:34  Phoenix (Chrono Boost), Probe x2, Observer  
  51  4:41  Pylon  
  51  4:46  Probe x2  
  51  4:49  Pylon, Robotics Bay  
  53  4:58  Probe  
  50  5:03  Probe, Phoenix  
  53  5:08  Observer (Chrono Boost)  
  53  5:10  Probe  
  53  5:12  Pylon  
  55  5:15  Probe  
  53  5:23  Probe (Chrono Boost)  
  53  5:28  Phoenix  
  51  5:36  Colossus (Chrono Boost)  
  51  5:37  Probe (Chrono Boost)  
  57  5:44  Probe (Chrono Boost)  
  57  5:45  Probe (Chrono Boost)  
  57  5:48  Probe  
  60  5:52  Probe  
  60  5:55  Probe  
  62  6:00  Probe  
  62  6:01  Forge  
  62  6:04  Probe  
  64  6:07  Probe, Forge  
  65  6:13  Probe  
  65  6:16  Probe  
  67  6:19  Probe  
  67  6:23  Observer  
  67  6:24  Sentry  
  67  6:25  Probe, Zealot  
  74  6:28  Probe  
  74  6:31  Shield Battery  
  74  6:32  Probe  
  76  6:33  Protoss Ground Weapons Level 1  
  76  6:36  Observer  
  76  6:37  Probe  
  77  6:40  Probe  
  77  6:43  Colossus (Chrono Boost)  
  77  6:44  Probe  
  85  6:50  Probe  
  85  6:51  Protoss Ground Armor Level 1  
  85  6:53  Probe  
  87  6:55  Extended Thermal Lance  
  87  6:56  Probe  
  88  7:01  Pylon  
  88  7:02  Probe  
  88  7:05  Probe  
  88  7:07  Twilight Council  
  90  7:09  Probe  
  90  7:11  Phoenix, Observer  
  90  7:14  Pylon  
  93  7:19  Probe  
  93  7:20  Pylon  
  94  7:23  Gateway  
  94  7:25  Gateway  
  94  7:26  Probe  
  95  7:31  Colossus (Chrono Boost)  
  101  7:38  Probe  
  101  7:41  Probe  
  101  7:42  Probe  
  104  7:46  Assimilator  
  104  7:47  Observer  
  104  7:48  Charge  
  104  7:49  Assimilator  
  104  7:53  Probe  
  92  8:07  Probe  
  92  8:08  Probe  
  92  8:10  Probe  
  101  8:22  Probe (Chrono Boost)  
  101  8:23  Nexus  
  101  8:25  Probe (Chrono Boost), Pylon, Photon Cannon  
  104  8:28  Probe (Chrono Boost)  
  104  8:29  Disruptor (Chrono Boost)  
  104  8:31  Probe (Chrono Boost), Templar Archives  
  103  8:35  Probe x2 (Chrono Boost)  
  103  8:36  Zealot x2  
  103  8:37  Probe (Chrono Boost), Zealot x2  
  113  8:45  Probe  
  114  8:54  Photon Cannon  
  115  8:57  Disruptor  
  115  8:58  Photon Cannon  
  115  8:59  Zealot x2, Shield Battery  
  115  9:01  Zealot  
  123  9:04  Zealot  
  119  9:15  Phoenix  
  113  9:21  Zealot x3  
  115  9:24  Protoss Ground Weapons Level 2 (Chrono Boost), Protoss Ground Armor Level 2 (Chrono Boost)  
  113  9:34  Zealot  
  109  9:41  Stalker x3  
  109  9:42  Stalker  
  109  9:44  Blink  
  117  9:48  Probe  
  117  9:50  Probe  
  117  9:51  Probe  
  109  10:00  Probe  
  109  10:02  Probe  
  109  10:06  Zealot x4  
  99  10:16  Colossus (Chrono Boost)  
  99  10:29  Nexus, Gateway  
  99  10:30  Gateway  
  99  10:31  Pylon, Gateway  
  99  10:33  Gateway  
  99  10:34  High Templar x3  
  105  10:38  High Templar  
  105  10:39  Archon  
  107  10:45  Probe, Archon  
  108  10:54  Disruptor (Chrono Boost), Pylon  
  111  11:00  Probe  
  111  11:03  Probe x2  
  114  11:10  Photon Cannon  
  114  11:11  Shield Battery  
  114  11:12  Probe  
  114  11:14  Robotics Facility  
  114  11:17  Observer  
  115  11:22  Stalker x2  
  115  11:23  Disruptor (Chrono Boost), Stalker x2  
  126  11:29  Photon Cannon  
  126  11:31  Probe, Pylon  
  126  11:32  Shield Battery  
  127  11:33  Probe  
  127  11:36  Probe  
  129  11:41  Probe  
  129  11:48  Zealot x5  
  129  11:49  Zealot  
  129  11:52  Probe  
  142  11:54  Zealot  
  142  11:55  Zealot  
  142  11:58  Pylon  
  146  12:03  Nexus  
  146  12:07  Probe  
  148  12:11  Pylon  
  148  12:20  Zealot x2  
  148  12:21  Zealot x4  
  110  12:31  Zealot x7  
  110  12:32  Probe  
Tags
 
Add a new tag
Caveats
  • Supply blocks, unpowered buildings, or Contaminate may cause inaccurate times.
  • Supply counts are checked every 10 seconds.